 Dungeon Crawl Stone Soup version 0.24-a0-274-gb3763e6d51 (webtiles) character file.

Game seed: 3442637596344049322

43 HAL9000 the Sneak (level 3, -1/18 HPs)
             Began as a Vine Stalker Assassin on Apr 27, 2019.
             Slain by a worker ant (2 damage)
             ... on level 2 of the Dungeon.
             The game lasted 00:02:42 (1463 turns).

HAL9000 the Sneak (Vine Stalker Assassin)           Turns: 1463, Time: 00:02:42

Health: -1/18      AC:  3    Str: 13    XL:     3   Next: 58%
Magic:  0/4        EV: 11    Int: 11    God:
Gold:   98         SH:  0    Dex: 16    Spells: 2/2 levels left

rFire    . . .     SeeInvis .   a - +2 dagger
rCold    . . .     Gourm    .   (no shield)
rNeg     . . .     Faith    .   c - +0 robe
rPois    .         Spirit   +   (no helmet)
rElec    .         Reflect  .   n - +0 cloak
rCorr    .         Harm     .   (no gloves)
MR       .....                  (no boots)
Stlth    +++.......             (no amulet)
HPRegen  0.06/turn              (no ring)
MPRegen  0.09/turn              (no ring)

@: no status effects
A: fangs 2, magic shield, antimagic bite, no potion heal 3, rot immunity
a: no special abilities


You were on level 2 of the Dungeon.
You were not hungry.

You visited 1 branch of the dungeon, and saw 2 of its levels.

You collected 98 gold pieces.

Inventory:

Hand Weapons
 a - a +2 dagger (weapon)
 b - a +0 blowgun
Missiles
 e - 8 poisoned needles
 f - 2 curare-tipped needles
 l - a throwing net (quivered)
 o - 2 needles of sleeping
Armour
 c - a +0 robe (worn)
 d - a +0 cloak
 n - a +0 cloak (worn)
Scrolls
 i - a scroll of teleportation {unknown}
 k - 2 scrolls of remove curse {unknown}
 m - a scroll of enchant armour {unknown}
 p - a scroll of magic mapping {unknown}
Potions
 h - a potion of brilliance {unknown}
 j - a potion of heal wounds {unknown}
Comestibles
 g - 2 rations
 q - a chunk of flesh


   Skills:
 - Level 1.7 Fighting
 + Level 2.1 Short Blades
 - Level 1.7 Throwing
 - Level 0.7 Dodging
 + Level 6.3 Stealth


You had 2 spell levels left.
You didn't know any spells.
Your spell library was empty.

Dungeon Overview and Level Annotations

Branches:
Dungeon (2/15)

Altars:


Innate Abilities, Weirdness & Mutations

You have extremely sharp teeth.
When hurt, damage is shared between your health and your magic reserves.
Your bite disrupts and absorbs the magic of your enemies.
Potions cannot restore your health.
You are immune to rotting.


Message History

The worker ant is moderately wounded.
The worker ant bites you but does no damage.
You barely miss the worker ant. You bite the worker ant. You drain its power.
The worker ant is heavily wounded.
The worker ant bites you.
You barely miss the worker ant. Your bite misses the worker ant.
The worker ant is heavily wounded.
The worker ant bites you but does no damage.
You hit the worker ant but do no damage.
The worker ant is heavily wounded.
The worker ant bites you.
The giant cockroach waves its antennae.
You hit the worker ant but do no damage.
You bite the worker ant, but do no damage.
The worker ant is heavily wounded.
The worker ant bites you!
* * * LOW HITPOINT WARNING * * *
Unknown command.
The worker ant bites you.
You die...

≈≈≈≈≈≈≈.≈#........#
≈≈≈≈≈≈≈..#..###..##
≈..≈≈≈≈..#..# #..#
≈._♣≈≈≈.≈#..###..#
≈♣.♣≈≈≈.≈#.......#
≈≈≈≈≈≈≈≈≈##.####.#
≈≈≈≈≈≈≈≈≈##.# #.#
≈≈≈≈≈≈≈..##.# #.#
≈...≈≈≈≈≈...####@#
..≈.....≈..<†rsa.#
........##########
........# ........#
..#####.# ..# #.#
#.# #.# #.# #.#


You could see a worker ant, a quokka and a giant cockroach.

Vanquished Creatures
  An adder (D:1)
  A dart slug (D:1)
  2 leopard geckos (D:1)
  A giant cockroach (D:1)
  4 goblins
  7 hobgoblins
  5 bats
  A frilled lizard (D:1)
  3 kobolds (D:1)
  2 rats
27 creatures vanquished.

Notes
Turn   | Place    | Note
-------+----------+-------------------------------------------
     0 | D:1      | HAL9000 the Vine Stalker Assassin began the quest for the
                  | Orb.
     0 | D:1      | Reached XP level 1. HP: 11/11 MP: 2/2
   131 | D:1      | Reached skill level 5 in Stealth
   344 | D:1      | Reached XP level 2. HP: 4/15 MP: 3/3
  1144 | D:1      | Reached XP level 3. HP: 18/18 MP: 4/4
  1159 | D:1      | Reached skill level 6 in Stealth
  1391 | D:2      | Found a faded altar of an unknown god.
  1463 | D:2      | Slain by a worker ant

Levels and vault maps discovered:
D:1:      shiori_shiawase, layout_basic, minmay_tromino_mix6
D:2:      layout_loops_ring, chequers_ecumenical_altar_island

Skill      XL: |  1  2  3 |
---------------+----------+-----
Stealth        | 5 6 |  6.3
Short Blades   | 2 |  2.1
Fighting       | |  1.7
Throwing       | |  1.7
Dodging        | |  0.7

Action                   || total
-------------------------++-------
Melee: Dagger            ||    61
       Bite              ||    12
 Stab: Sleeping          ||    10
  Eat: Chunk             ||     2
Armor: Robe              ||    14
Dodge: Dodged            ||    35

Table legend:
 A = Non-vault XP
 B = Vault XP
 C = Vault XP percentage of total XP
 D = Non-vault monster count
 E = Vault monster count
 F = Vault count percentage of total count
                 A         B        C        D         E       F
            +---------+---------+-------+---------+---------+-------
      Total |      57 |       5 |   8.1 |      24 |       3 |  11.1
            +---------+---------+-------+---------+---------+-------
        D:1 |      49 |       5 |   9.3 |      19 |       3 |  13.6
        D:2 |       8 |       0 |   0.0 |       5 |       0 |   0.0
            +---------+---------+-------+---------+---------+-------
